 Dungeon Crawl Stone Soup version 0.18-a0-5-gf1fb587 (webtiles) character file.

12770 tp1 the Eclecticist (level 11, 0/54 HPs)
             Began as a Deep Elf Wizard on Oct 31, 2015.
             Was a High Priest of Vehumet.
             Slain by a spiny frog (9 damage)
             ... on level 2 of the Lair of Beasts.
             The game lasted 01:42:06 (17636 turns).

tp1 the Eclecticist (Deep Elf Wizard)              Turns: 17636, Time: 01:42:07

Health: 0/54       AC: 10    Str:  8    XL:     11   Next: 66%
Magic:  21/41      EV: 12    Int: 27    God:    Vehumet [*****.]
Gold:   534        SH:  0    Dex: 13    Spells: 12 memorised, 4 levels left

rFire  . . .     SeeInvis .     q - +0 dagger
rCold  + . .     Clarity  .     C - +1 leather armour of Hedonism {MR- MP+9 Str+4} (curse)
rNeg   . . .     SustAt   .     (no shield)
rPois  .         Gourm    .     b - +0 hat
rElec  .         Spirit   .     (no cloak)
rCorr  .         Warding  .     j - +0 pair of gloves
rMut   .         Rnd*Tele +     k - +1 pair of boots
MR     .....                    y - amulet of faith
Stlth  ++........               H - ring of teleportation (curse)
                                m - +3 ring of protection

@: very slightly contaminated, hasted, very quick, not resistant to hostile
enchantments, unstealthy
A: horns 2, cold resistance 1, regeneration 1
a: Renounce Religion, Evoke Teleportation


You were on level 2 of the Lair of Beasts.
You worshipped Vehumet.
Vehumet was extremely pleased with you.
You were near starving.

You visited 2 branches of the dungeon, and saw 10 of its levels.

You collected 534 gold pieces.

Inventory:

Hand Weapons
 q - a +0 dagger (weapon)
Armour
 a - a +0 robe
 b - a +0 hat (worn)
 j - a +0 pair of gloves (worn)
 k - a +1 pair of boots (worn)
 C - the cursed +1 leather armour of Hedonism (worn) {MR- MP+9 Str+4}
   (You found it on level 7 of the Dungeon)

   It affects your strength (+4).
   It affects your resistance to hostile enchantments.
   It affects your magic capacity (+9).
   It has a curse placed upon it.
 G - a +2 robe of magic resistance
Jewellery
 m - a +3 ring of protection (left hand)
 p - an uncursed amulet of rage
 t - an uncursed ring of flight
 y - an amulet of faith (around neck)
 B - an uncursed ring of see invisible
 H - a cursed ring of teleportation (right hand)
 K - an uncursed amulet of regeneration {unknown}
Wands
 e - a wand of fireball (10)
 u - a wand of confusion (45)
 J - a wand of slowing (19)
Scrolls
 f - 3 scrolls of enchant armour
 h - a scroll of magic mapping
 o - 3 scrolls of fog
 r - 2 scrolls of random uselessness
 s - a scroll of immolation
 w - 2 scrolls of teleportation
 L - a scroll of fear {unknown}
Potions
 g - 3 potions of curing
 n - a potion of mutation
 x - a potion of haste
 z - a potion of lignification
 D - 2 potions of brilliance
Books
 c - a book of Minor Magic

   Spells                             Type                      Level
   a - Magic Dart                     Conjuration                  1
   b - Blink                          Translocation                2
   c - Call Imp                       Summoning                    2
   d - Repel Missiles                 Charms/Air                   2
   e - Slow                           Hexes                        2
   f - Conjure Flame                  Conjuration/Fire             3
   g - Mephitic Cloud                 Conjuration/Poison/Air       3
 i - a book of Unlife

   Spells                             Type                      Level
   a - Recall                         Summoning/Translocation      3
   b - Animate Dead                   Necromancy                   4
   c - Control Undead                 Necromancy                   4
   d - Cigotuvi's Embrace             Necromancy                   5
   e - Death Channel                  Necromancy                   6
   f - Simulacrum                     Ice/Necromancy               6
Miscellaneous
 I - an ornate deck of war {drawn: 1}
Comestibles
 d - 7 bread rations
 v - a meat ration
 A - a beef jerky
 E - a fruit
 F - 2 slices of pizza


   Skills:
 - Level 2.4 Dodging
 - Level 2.4 Stealth
 - Level 15.0 Spellcasting
 - Level 7.1 Conjurations
 - Level 1.1 Summonings
 - Level 8.1 Necromancy
 - Level 1.1 Translocations
 + Level 11.1 Fire Magic
 - Level 3.1 Ice Magic
 - Level 2.0 Air Magic
 - Level 3.0 Poison Magic


You had 4 spell levels left.
You knew the following spells:

 Your Spells              Type           Power        Failure   Level  Hunger
a - Magic Dart            Conj           ####         1%          1    None
b - Conjure Flame         Conj/Fire      ######..     1%          3    None
c - Mephitic Cloud        Conj/Pois/Air  #####...     1%          3    None
d - Blink                 Tloc           N/A          4%          2    None
e - Call Imp              Summ           ####....     4%          2    None
f - Sting                 Conj/Pois      ####         1%          1    None
g - Animate Dead          Necr           N/A          1%          4    None
h - Repel Missiles        Chrm/Air       ####..       4%          2    None
i - Static Discharge      Conj/Air       #####...     1%          3    None
j - Throw Icicle          Conj/Ice       #####...     1%          4    None
k - Bolt of Draining      Conj/Necr      ######....   1%          5    None
l - Bolt of Cold          Conj/Ice       #####.....   32%         6    ####...


Dungeon Overview and Level Annotations

Branches:
Dungeon (8/15)             Temple (0/1) D:4            Lair (2/8) D:8

Altars:
Ashenzari
Cheibriados
Dithmenos
Elyvilon
Gozag
Ru
Sif Muna
Vehumet

Annotations:
D:4 Menkaure


Innate Abilities, Weirdness & Mutations

You have a pair of horns on your head.
Your flesh is cold resistant.
Your natural rate of healing is unusually fast.


Message History

The bolt of negative energy misses the spiny frog.
The bolt of negative energy misses the crocodile.
The bolt of negative energy hits the plant.
The plant completely resists.
Casting: Bolt of Draining
Confirm with . or Enter, or press ? or * to list all spells.
Aiming: Bolt of Draining
Press: ? - help, Shift-Dir - straight line, f - spiny frog
Aim: a spiny frog (flame)
The bolt of negative energy misses the spiny frog.
The bolt of negative energy hits the crocodile.
The crocodile is drained!
You kill the crocodile!
Vehumet accepts your kill.
You feel your power returning.
The bolt of negative energy hits the plant.
The plant completely resists.
The spiny frog is engulfed in roaring flames.
The spiny frog stings you!
You die...

#...<†......#..###..........#
##....)......####.#P...<....#
#............# ######+.#####
##..<........# #..#
##.#..#.+.#.# #P..
#..[....#### ##..###
....P#.#.# ### #####+..## ..
.......##.#####.........
.......@F...P#.(........
......####...#^.........
..... #....+......... ....
#.###.......... ... ###
#.......... %# ####+###.## #


You could see a spiny frog.

Vanquished Creatures
  A hydra (Lair:2)
  A queen ant (Lair:1)
  The ghost of Ashar the Basher, a novice DsWr of Okawaru (D:8)
  3 spiny frogs
  4 komodo dragons
  Prince Ribbit (D:7)
  The ghost of xeno23 the Chiller, an amateur MfIE (D:4)
  A two-headed ogre (D:8)
  9 yaks (Lair:1)
  An orc warrior (D:7)
  A wolf (Lair:1)
  3 hippogriffs
  13 soldier ants (Lair:1)
  The ghost of asdu the Digger, an amateur OpEE (D:4)
  A sky beast (D:8)
  4 water moccasins
  2 porcupines (Lair:1)
  Duvessa (D:4)
  A black bear (D:8)
  3 phantoms
  5 ogres
  2 centaurs
  5 crocodiles
  8 giant frogs
  Dowan (D:4)
  2 scorpions (D:4)
  A water moccasin skeleton (D:7)
  4 electric eels
  A giant frog zombie (D:6)
  2 crimson imps
  A giant frog skeleton (D:6)
  2 hounds
  4 orc priests
  3 quasits
  An orc wizard (D:4)
  2 iguanas
  16 worker ants
  A killer bee zombie (D:5)
  14 sheep (Lair:1)
  A hound skeleton (D:5)
  A worker ant zombie (D:7)
  4 gnolls (D:6)
  9 adders
  5 river rats (Lair:1)
  2 shadow imps
  An adder skeleton (D:4)
  5 worms
  7 giant geckos
  26 orcs
  3 ball pythons
  16 bats
  6 giant cockroaches
  8 hobgoblins
  11 jackals
  6 quokkas
  2 giant newts
  5 goblins
  A jackal skeleton (D:4)
  7 kobolds
  4 rats
258 creatures vanquished.

Vanquished Creatures (collateral kills)
  3 yaks (Lair:1)
  7 soldier ants (Lair:1)
  A centaur (D:8)
  A hound (D:8)
  An iguana (Lair:1)
  3 worker ants (Lair:1)
  3 sheep (Lair:1)
  An adder (D:6)
  An orc (D:7)
21 creatures vanquished.

Vanquished Creatures (others)
  A bush (D:8)
  2 fungi (Lair:1)
  13 plants (D:8)
  5 toadstools (D:1)
21 creatures vanquished.

Grand Total: 300 creatures vanquished

Notes
Turn   | Place    | Note
--------------------------------------------------------------
     0 | D:1      | tp1 the Deep Elf Wizard began the quest for the Orb.
     0 | D:1      | Reached XP level 1. HP: 10/10 MP: 7/7
   112 | D:1      | Reached skill level 5 in Spellcasting
   116 | D:1      | Reached XP level 2. HP: 12/15 MP: 2/10
   978 | D:1      | Reached XP level 3. HP: 19/19 MP: 8/11
  2069 | D:2      | Found a radiant altar of Vehumet.
  2074 | D:2      | Became a worshipper of Vehumet
  2117 | D:2      | Learned a level 3 spell: Conjure Flame
  2121 | D:2      | Learned a level 3 spell: Mephitic Cloud
  2124 | D:2      | Learned a level 2 spell: Blink
  2127 | D:2      | Learned a level 2 spell: Call Imp
  2288 | D:2      | Reached skill level 1 in Fire Magic
  2586 | D:2      | Found a snail-covered altar of Cheibriados.
  2586 | D:2      | Found a sacrificial altar of Ru.
  2587 | D:2      | Found a shattered altar of Ashenzari.
  2869 | D:2      | Found a radiant altar of Vehumet.
  3034 | D:2      | Found a snail-covered altar of Cheibriados.
  3034 | D:2      | Found a shattered altar of Ashenzari.
  3035 | D:2      | Found a sacrificial altar of Ru.
  3204 | D:3      | Reached XP level 4. HP: 24/24 MP: 5/13
  3567 | D:3      | Reached skill level 1 in Air Magic
  3646 | D:3      | Reached skill level 1 in Poison Magic
  3775 | D:3      | Found a deep blue altar of Sif Muna.
  3816 | D:3      | Reached * piety under Vehumet
  3816 | D:3      | Offered knowledge of Sting by Vehumet.
  3819 | D:3      | Learned a level 1 spell: Sting
  3835 | D:3      | Noticed a giant frog
  3846 | D:3      | Killed a giant frog
  3846 | D:3      | Reached XP level 5. HP: 10/28 MP: 8/14
  4772 | D:3      | Noticed an ogre
  4785 | D:3      | Killed an ogre
  4785 | D:3      | Reached XP level 6. HP: 32/32 MP: 5/15
  4876 | D:3      | Found a deep blue altar of Sif Muna.
  5347 | D:4      | Found a staircase to the Ecumenical Temple.
  5368 | D:4      | Noticed Duvessa
  5370 | D:4      | Noticed Dowan
  5380 | D:4      | Noticed Menkaure
  5382 | D:4      | Killed Duvessa
  5382 | D:4      | Reached skill level 5 in Conjurations
  5772 | D:4      | Reached skill level 6 in Conjurations
  5861 | D:4      | Noticed xeno23's ghost (amateur MfIE)
  6031 | D:4      | Reached XP level 7. HP: 36/36 MP: 5/16
  6165 | D:4      | Noticed asdu's ghost (amateur OpEE)
  6185 | D:4      | Killed asdu's ghost
  6185 | D:4      | Reached skill level 7 in Conjurations
  6265 | D:4      | Found a shadowy altar of Dithmenos.
  6374 | D:5      | Entered Level 5 of the Dungeon
  6586 | D:5      | Offered knowledge of Throw Flame by Vehumet.
  6700 | D:5      | Reached ** piety under Vehumet
  6953 | D:5      | Learned a level 4 spell: Animate Dead
  7369 | D:5      | Reached XP level 8. HP: 41/41 MP: 17/21
  7989 | D:6      | Reached skill level 8 in Spellcasting
  8077 | D:6      | Reached skill level 1 in Necromancy
  8405 | D:6      | Learned a level 2 spell: Repel Missiles
  9067 | D:6      | Offered knowledge of Static Discharge by Vehumet.
  9072 | D:6      | Learned a level 3 spell: Static Discharge
  9148 | D:6      | Reached skill level 5 in Necromancy
  9811 | D:7      | Noticed Prince Ribbit
  9838 | D:7      | Killed Prince Ribbit
  9936 | D:7      | Found an opulent altar of Gozag.
 10218 | D:7      | Reached skill level 5 in Fire Magic
 10369 | D:7      | Reached *** piety under Vehumet
 10499 | D:7      | Reached XP level 9. HP: 45/45 MP: 16/23
 10634 | D:7      | Got a crude leather armour
 10645 | D:7      | Identified the cursed +1 leather armour of Hedonism {MR- MP+9 Str+4} (You found it on level 7 of the Dungeon)
 10897 | D:7      | Found a white marble altar of Elyvilon.
 11317 | D:7      | Found a white marble altar of Elyvilon.
 11443 | D:7      | Found an opulent altar of Gozag.
 12038 | D:8      | Offered knowledge of Throw Icicle by Vehumet.
 12584 | D:8      | Gained mutation: Your flesh is cold resistant. [mutagenic meat]
 12585 | D:8      | Gained mutation: You have a pair of small horns on your head. [mutagenic meat]
 12586 | D:8      | Noticed Ashar's ghost (novice DsWr)
 12591 | D:8      | Gained mutation: Your natural rate of healing is unusually fast. [mutagenic meat]
 12592 | D:8      | Gained mutation: You have a pair of horns on your head. [mutagenic meat]
 12616 | D:8      | Killed Ashar's ghost
 12666 | D:8      | Noticed a komodo dragon
 12673 | D:8      | Killed a komodo dragon
 12673 | D:8      | Reached skill level 9 in Fire Magic
 12703 | D:8      | Found a staircase to the Lair.
 13178 | D:4      | Killed xeno23's ghost
 13178 | D:4      | Reached XP level 10. HP: 50/50 MP: 23/24
 13202 | D:4      | Learned a level 4 spell: Throw Icicle
 13265 | D:4      | Killed Dowan
 13265 | D:4      | Reached **** piety under Vehumet
 13665 | D:8      | Offered knowledge of Bolt of Draining by Vehumet.
 13701 | D:8      | Reached skill level 10 in Fire Magic
 13804 | D:8      | Reached skill level 1 in Ice Magic
 14249 | Lair:1   | Entered Level 1 of the Lair of Beasts
 14777 | Lair:1   | Reached skill level 10 in Spellcasting
 15277 | Lair:1   | Reached skill level 11 in Spellcasting
 15595 | Lair:2   | Learned a level 5 spell: Bolt of Draining
 15616 | Lair:1   | Reached skill level 12 in Spellcasting
 15618 | Lair:1   | Reached ***** piety under Vehumet
 15649 | Lair:1   | Offered knowledge of Bolt of Cold by Vehumet.
 15768 | Lair:1   | Reached XP level 11. HP: 54/54 MP: 29/29
 15863 | Lair:1   | Reached skill level 13 in Spellcasting
 16138 | Lair:1   | Noticed a queen ant
 16144 | Lair:1   | Killed a queen ant
 16144 | Lair:1   | Reached skill level 14 in Spellcasting
 17003 | Lair:1   | Reached skill level 15 in Spellcasting
 17012 | Lair:1   | Learned a level 6 spell: Bolt of Cold
 17508 | Lair:2   | Noticed an eight-headed hydra
 17512 | Lair:2   | Killed an eight-headed hydra
 17636 | Lair:2   | Slain by a spiny frog

Vault maps used:
D:1:      ldierk_walled_garden
D:2:      vehumet_crystals, gammafunk_temple_overflow_forgotten
D:3:      forest_paths, lemuel_blue_sif_altar
D:4:      minmay_temple_entry_large_hall, nicolae_dithmenos_shadow_blocks,
          uniq_menkaure, uniq_duvessa
D:5:      first_bread
D:6:      minivault_14
D:7:      nicolae_gozag_cash_rules_everything_around_me, elyvilon_altar_4,
          uniq_prince_ribbit1
D:8:      statuecave_lemuel, david_lair_shrubbed, serial_park,
          serial_park_tiny_pond, serial_park_paths, serial_park_square1,
          serial_park_tiny_2
Lair:1:   minivault_29, bh_autumn_forest_stairs
Lair:2:   beast_lair_carwin_8

Action                   |  1- 3 |  4- 6 |  7- 9 | 10-12 || total
-------------------------+-------+-------+-------+-------++-------
Melee: Unarmed           |    15 |       |       |       ||    15
       Dagger            |       |    51 |     9 |     6 ||    66
 Cast: Magic Dart        |   102 |   111 |   397 |   129 ||   739
       Conjure Flame     |       |     9 |    24 |    15 ||    48
       Sting             |       |    14 |     3 |       ||    17
       Mephitic Cloud    |       |     4 |     3 |     1 ||     8
       Call Imp          |       |       |     3 |       ||     3
       Animate Dead      |       |       |     8 |    13 ||    21
       Static Discharge  |       |       |     1 |     4 ||     5
       Repel Missiles    |       |       |     1 |     2 ||     3
       Throw Icicle      |       |       |       |    94 ||    94
       Blink             |       |       |       |     7 ||     7
       Bolt of Draining  |       |       |       |    25 ||    25
       Bolt of Cold      |       |       |       |     1 ||     1
 Abil: Evoke Flight      |       |       |       |     2 ||     2
Evoke: Deck              |       |       |       |     1 ||     1
  Use: Scroll            |       |       |    11 |     5 ||    16
       Potion            |       |       |     1 |     7 ||     8
 Stab: Confused          |       |     2 |       |       ||     2
  Eat: Chunk             |     7 |     9 |    22 |    13 ||    51
       Beef jerky        |       |       |     2 |       ||     2
       Pizza             |       |       |     1 |       ||     1
       Fruit             |       |       |       |     1 ||     1
